 Dungeon Crawl Stone Soup version 0.28-a0-802-g09f76e8c00 (webtiles) character file.

Game seed: 9641388969353446013

242 avis the Ruffian (level 5, -12/41 HPs)
             Began as a Draconian Warper on Nov 7, 2021.
             Mangled by Menkaure (14 damage)
             ... on level 4 of the Dungeon.
             The game lasted 00:11:50 (3201 turns).

avis the Ruffian (Draconian Warper)                 Turns: 3201, Time: 00:11:50

Health: -12/41     AC: 12    Str: 14    XL:     5   Next: 81%
Magic:  8/8        EV: 18    Int: 14    God:
Gold:   150        SH:  0    Dex: 10    Spells: 6/8 levels left

rFire   . . .      SeeInvis .     - Unarmed
rCold   . . .      Faith    .   (shield currently unavailable)
rNeg    + + +      Spirit   .   (armour unavailable)
rPois   +          Reflect  .   (helmet currently unavailable)
rElec   .          Harm     .   (cloak currently unavailable)
rCorr   .          Rampage  .   (gloves currently unavailable)
Will    .....                   (boots currently unavailable)
Stlth   +.........              (no amulet)
HPRegen 0.13/turn               (no ring)
MPRegen 0.11/turn               (no ring)

@: fungus-form
A: melee confuse, terrified, no casting, AC +5, tiny, unfitting armour,
(cold-blooded)
a: no special abilities


You were on level 4 of the Dungeon.
You were a sentient fungus.
You visited 1 branch of the dungeon, and saw 4 of its levels.

You collected 150 gold pieces.

Inventory:

Hand Weapons
 g - a +0 hunting sling
Missiles
 b - 5 boomerangs of dispersal (quivered)
 d - 45 bolts
 e - 90 stones
 k - 22 sling bullets
 m - 8 poisoned darts
 o - 24 arrows
Jewellery
 f - a ring of positive energy
Scrolls
 h - 2 scrolls of teleportation {unknown}
 i - a scroll of immolation {unknown}
 j - 2 scrolls of identify {unknown}
 l - 2 scrolls of amnesia {unknown}
 p - 2 scrolls of acquirement {unknown}
Potions
 c - a potion of lignification {unknown}
 n - a potion of might {unknown}


   Skills:
 - Level 2.1 Fighting
 - Level 0.8 Throwing
 - Level 2.1 Dodging
 * Level 6.2 Unarmed Combat
 - Level 2.0 Spellcasting
 - Level 3.0 Translocations


You had 6 spell levels left.
You knew the following spells:

 Your Spells              Type           Power      Damage    Failure   Level
b - Blink                 Tloc           18%        N/A       11%         2

Your spell library contained the following spells:

 Spells                   Type           Power      Damage    Failure   Level
 Gell's Gravitas          Tloc           9%         N/A       21%         3
 Lesser Beckoning         Tloc           9%         N/A       21%         3
 Teleport Other           Tloc           9%         N/A       21%         3
 Dazzling Flash           Conj/Hex       2%         N/A       56%         3
 Manifold Assault         Tloc           9%         N/A       88%         5
 Agony                    Necr           1%         N/A       100%        5
 Silence                  Hex/Air        0%         N/A       100%        5


Dungeon Overview and Level Annotations

Branches:
Dungeon (4/15)
 Temple: D:4-7

Altars:
Yredelemnul

Annotations:
D:4 Ijyb, Menkaure


Innate Abilities, Weirdness & Mutations

You are a sentient fungus.
You are tiny and evasive.
Your melee attack releases spores that confuse breathing creatures.
You become terrified and freeze when enemies are visible.
Your armour is entirely melded.
You are incapable of wielding weapons or throwing items.
You cannot cast spells.
((Your plain brown scales are hard. (AC +5)))
You cannot fit into any form of body armour.
((You are cold-blooded and may be slowed by cold attacks.))


Message History

Unknown command.
You completely miss the ogre.
The ogre is almost dead.
The kobold misses you. The ogre hits you with a +0 giant club.
* * * LOW HITPOINT WARNING * * *
Unknown command.
You release spores at the ogre.
The ogre appears confused.
The ogre is almost dead.
Ijyb is no longer moving quickly.
The jelly hits you but does no damage.
The ogre hits the jelly with a +0 giant spiked club!!
The jelly is killed!
The kobold hits you but does no damage.
You have reached level 5!
You release spores at the ball python!
You kill the ball python!
The ogre seems less confused.
Menkaure casts a spell.
Menkaure seems to speed up.
The ogre misses you. The kobold hits you but does no damage.
You release spores at the ogre!
The ogre is severely wounded.
The ogre closely misses the hobgoblin.
Ijyb misses you.
You release spores at the ogre.
The ogre is severely wounded.
The kobold misses you. The ogre misses you. The hobgoblin closely misses you.
Ijyb closely misses you.
The ogre closely misses the hobgoblin.
You release spores at the ogre!
You kill the ogre!
The kobold barely misses you.
The hobgoblin hits you but does no damage.
Ijyb zaps a wand.
You resist with some effort.
Your Unarmed Combat skill increases to level 6!
You release spores at Menkaure but do no damage.
Menkaure barely misses you. The kobold misses you.
The hobgoblin completely misses you. Ijyb hits you with a +0 dagger.
* * * LOW HITPOINT WARNING * * *
You release spores at Menkaure.
Menkaure is lightly damaged.
Menkaure hits you!
You die...

#.#######........#
#Sg.J.Sg#........####
#######.#..=..?......
#.#............
#)#............
#.'............
###....g.......
#.O.gMK......
#...gf....... #####
###+##....... .....
....... ..... ###..##
..... .# .....
#.######.....
#......<.....
########..... .....


You could see an ogre (confused), Ijyb, Menkaure (fast), a hobgoblin, a goblin
and a kobold.

Vanquished Creatures
  An ogre (D:4)
  A jelly (D:4)
  2 adders
  4 gnolls
  An adder zombie (D:3)
  A worm (D:3)
  2 dart slugs (D:1)
  10 endoplasms
  3 giant cockroaches
  4 goblins
  A hobgoblin (D:3)
  4 jackals (D:3)
  6 ball pythons
  A ball python zombie (D:3)
  7 bats
  4 frilled lizards
  5 kobolds
  8 rats
65 creatures vanquished.

Notes
Turn   | Place    | Note
-------+----------+-------------------------------------------
     0 | D:1      | avis the Draconian Warper began the quest for the Orb.
     0 | D:1      | Reached XP level 1. HP: 17/17 MP: 3/3
   269 | D:1      | Reached XP level 2. HP: 18/24 MP: 5/5
   442 | D:1      | Reached skill level 3 in Unarmed Combat
   922 | D:1      | Reached XP level 3. HP: 29/29 MP: 6/6
  1380 | D:2      | Reached skill level 4 in Unarmed Combat
  1817 | D:2      | Learned a level 2 spell: Blink
  1896 | D:2      | Reached XP level 4. HP: 36/36 MP: 7/7
  2457 | D:3      | Reached skill level 5 in Unarmed Combat
  2516 | D:3      | Found a basalt altar of Yredelemnul.
  2543 | D:3      | Found a faded altar of an unknown god.
  3154 | D:4      | Noticed Ijyb
  3155 | D:4      | Noticed an ogre
  3183 | D:4      | Noticed an ogre
  3184 | D:4      | Noticed Menkaure
  3196 | D:4      | Reached XP level 5. HP: 4/41 MP: 8/8
  3199 | D:4      | Killed an ogre
  3200 | D:4      | Reached skill level 6 in Unarmed Combat
  3200 | D:4      | HP: 2/41 [Ijyb (3)]
  3201 | D:4      | Mangled by Menkaure

Illustrated notes

Levels and vault maps discovered:
D:1:      minmay_arrival_hallway, layout_rooms, minmay_pentomino_w4
D:2:      layout_loops_ring, dk_noncrumbling_4
D:3:      layout_loops_ring, lemuel_zombie_altar_yredelemnul,
          basic_ecumenical_altar, minmay_misc_feat_iff, hex_large,
          minmay_stone_trees_medium
D:4:      layout_basic, uniq_menkaure, uniq_ijyb

Skill      XL: |  1  2  3  4  5 |
---------------+----------------+-----
Unarmed Combat | 3 4 5 6 |  6.2
Fighting       | |  2.1
Throwing       | |  0.8
Dodging        | |  2.1
Spellcasting   | |  2.0
Translocations | |  3.0

Action                   |  1- 3 |  4- 6 || total
-------------------------+-------+-------++-------
Melee: Unarmed           |   126 |   119 ||   245
       Punch             |     1 |     3 ||     4
       Tailslap          |    10 |     7 ||    17
  Use: Scroll            |       |     1 ||     1
 Stab: Sleeping          |     3 |       ||     3
Armor: Skin              |    33 |    41 ||    74
Dodge: Dodged            |    60 |    93 ||   153

Table legend: (Time is in decaauts)
 A = Elapsed time spent in this place.
 B = Non-inter-level travel time spent in this place.
 C = Inter-level travel time spent in this place.
 D = Time resting spent in this place.
 E = Time spent auto-exploring this place.
 F = Levels seen in this place.
 G = Mean time per level.
                   A        B        C        D        E       F      G
               +--------+--------+--------+--------+--------+-----+--------+
         Total |   3199 |   2924 |    275 |    889 |   1318 |   4 |  799.8 |
       Dungeon |   3199 |   2924 |    275 |    889 |   1318 |   4 |  799.8 |
               +--------+--------+--------+--------+--------+-----+--------+

Top non-repeatable levels by time:
     D:1: 1101 daAuts
     D:2: 1033 daAuts
     D:3: 971 daAuts
     D:4: 93 daAuts
